 Dungeon Crawl Stone Soup version 0.28.0-49-g6dfe1f597d (webtiles) character file.

Game seed: 17295360772948130265

4893 jjjjhere the Spear-Bearer (level 10, -12/45 HPs)
             Began as a Vine Stalker Fighter on May 17, 2022.
             Was a High Priest of Hepliaklqana.
             Mangled by an orc warlord
             ... wielding a +0 war axe
              (18 damage)
             ... in a bailey.
             The game lasted 00:11:28 (5864 turns).

jjjjhere the Spear-Bearer (Vine Stalker Fighter)    Turns: 5864, Time: 00:11:29

Health: -12/45     AC: 11    Str: 29    XL:     10   Next: 51%
Magic:  0/12       EV:  8    Int:  8    God:    Hepliaklqana [*****.]
Gold:   669        SH: 11    Dex: 20    Spells: 9/9 levels left

rFire   . . .      SeeInvis .   a - +1 trident
rCold   . . .      Faith    .   D - +0 kite shield
rNeg    . . .      Spirit   +   b - +0 scale mail
rPois   .          Reflect  .   y - +0 helmet
rElec   .          Harm     .   (no cloak)
rCorr   .          Rampage  .   o - +0 pair of gloves
Will    +....                   m - +0 pair of boots
Stlth   ..........              f - amulet of magic regeneration
HPRegen 0.95/turn               q - +6 ring of dexterity
MPRegen 0.53/turn               s - +6 ring of strength

@: about to teleport, very slow
A: reduced essence, fangs 3, regeneration 1, magic shield, antimagic bite, no
potion heal 2
a: Renounce Religion, Recall Ancestor, Ancestor Identity, Transference, Idealise


You were in a bailey.
You worshipped Hepliaklqana.
Hepliaklqana was extremely pleased with you.
You visited 1 branch of the dungeon, and saw 9 of its levels.
You also visited: Bailey.

You collected 669 gold pieces.

Inventory:

Hand Weapons
 a - a +1 trident (weapon)
Missiles
 h - 13 boomerangs (quivered)
Armour
 b - a +0 scale mail (worn)
 c - a +0 buckler
 m - a +0 pair of boots (worn)
 o - a +0 pair of gloves (worn)
 y - a +0 helmet (worn)
 D - a +0 kite shield (worn)
Jewellery
 f - an amulet of magic regeneration (around neck)
 q - a +6 ring of dexterity (left hand)
 s - a +6 ring of strength (right hand)
 H - a ring of positive energy
Wands
 t - a wand of flame (38)
 z - a wand of iceblast (10)
 E - a wand of polymorph (4)
Scrolls
 e - a scroll of teleportation
 i - a scroll of noise {unknown}
 j - a scroll of enchant weapon
 p - a scroll of summoning
 v - 2 scrolls of immolation {unknown}
 w - a scroll of enchant armour {unknown}
 C - a scroll of vulnerability {unknown}
 G - a scroll of torment {unknown}
Potions
 d - 2 potions of might
 g - 3 potions of lignification
 k - a potion of flight {unknown}
 l - 4 potions of curing
 n - a potion of mutation {unknown}
 r - 4 potions of magic
 u - a potion of heal wounds {unknown}
 x - 2 potions of brilliance {unknown}
 A - 2 potions of ambrosia
 B - 2 potions of invisibility
 F - a potion of attraction {unknown}
 I - a potion of resistance {unknown}
 K - a potion of haste {unknown}


   Skills:
 - Level 4.2 Fighting
 + Level 11.2 Polearms
 - Level 5.8 Armour
 + Level 5.2 Shields
 + Level 2.1 Invocations


You had 9 spell levels left.
You didn't know any spells.
Your spell library contained the following spells:

 Spells                   Type           Power      Damage    Failure   Level
 Dazzling Flash           Conj/Hex       0%         N/A       100%        3
 Iskenderun's Mystic Bla  Conj/Tloc      0%         2d3       100%        4
 Starburst                Conj/Fire      0%         6d3       100%        6


Dungeon Overview and Level Annotations

Branches:
Dungeon (9/15)             Temple (0/1) D:5          Bailey (1/1)
   Lair: D:8-11         Orc: D:9-12

Altars:
Cheibriados
Gozag
Hepliaklqana
Makhleb
Nemelex Xobeh
Qazlal
Vehumet
Yredelemnul
Zin

Shops:
D:7 (   D:9 *

Annotations:
D:8 1 runed translucent door


Innate Abilities, Weirdness & Mutations

Your life essence is reduced to manifest your ancestor. (-10% HP)
You have razor-sharp teeth.
Your natural rate of healing is unusually fast.
When hurt, damage is shared between your health and your magic reserves.
Your bite disrupts and absorbs the magic of your enemies.
Potions cannot restore your health.


Message History

You feel invigorated.
The orc warlord is heavily wounded.
You block the orc warlord's attack.
You hit the orc warlord but do no damage.
You bite the orc warlord, but do no damage.
The orc warlord is heavily wounded.
You puncture the orc warlord! You bite the orc warlord. You drain its power.
The orc warlord is severely wounded.
The orc warlord hits you with a +0 war axe.
You barely miss the orc warlord.
You bite the orc warlord, but do no damage.
The orc warlord is severely wounded.
The orc warlord hits you with a +0 war axe!
You are too injured to fight recklessly!
You are too injured to fight recklessly!
You hit the orc warlord.
You bite the orc warlord, but do no damage.
The orc warlord is severely wounded.
The orc warlord hits you with a +0 war axe!!
Ouch! That really hurt!
* * * LOW HITPOINT WARNING * * *
You puncture the orc warlord! Your bite misses the orc warlord.
The orc warlord is severely wounded.
The orc warlord hits you with a +0 war axe.
* * * LOW HITPOINT WARNING * * *
Okay, then.
Okay, then.
As you read the scroll of fear, it crumbles to dust.
You assume a fearsome visage.
The orc warlord easily resists.
The orc warlord hits you with a +0 war axe.
* * * LOW HITPOINT WARNING * * *
Okay, then.
As you read the scroll of teleportation, it crumbles to dust.
You feel strangely unstable.
The orc warlord hits you but does no damage.
You enter the shallow water.
Moving in this stuff is going to be slow.
The orc warlord seems less drained.
The orc warlord hits you with a +0 war axe!!
You die...

##...## ##...## ##.....##
##.....##
##.......#######.......##
##..8..8...........8..8..##
#................†........#
#.........................#
#...8......#'''#......8...#
##......####≈≈≈####......##
♣##.....#≈≈≈≈@≈≈≈≈#.....##♣
♣.##....#≈.8.o.8.≈#)...##.♣
♣♣..###'###.......###)###..♣♣
♣...≈≈≈.#≈≈.8...8.≈≈#.≈≈≈...♣
♣♣...≈≈≈.#≈.........≈#.≈≈≈...♣♣
♣∩...≈≈≈.#≈....∩....≈#.≈≈≈...∩♣
♣♣...≈≈≈.##.........##.≈≈≈...♣♣
♣...≈≈))#≈..8...8..≈#.≈≈≈...♣
♣♣..###)#≈.........≈#)###..♣♣


You could see an orc warlord.

Vanquished Creatures
  A two-headed ogre (D:8)
  Maggie (D:6)
  Prince Ribbit (D:7)
  Menkaure (D:4)
  A steam dragon (D:9)
  An acid dragon (D:6)
  A water moccasin (D:9)
  An ice beast (D:6)
  5 orc warriors
  2 sky beasts
  2 ogres
  3 centaurs
  A kobold brigand (D:7)
  3 bullfrogs
  A water moccasin zombie (D:6)
  5 killer bees (D:7)
  A howler monkey (D:7)
  A centaur zombie (D:5)
  2 jellies
  A hound (D:5)
  A bullfrog zombie (D:4)
  3 orc priests
  A centaur skeleton (D:4)
  A gnoll shaman (D:8)
  Jessica (D:2)
  An iguana (D:3)
  4 orc wizards
  A hexer (D:7)
  6 adders
  10 gnolls
  An adder skeleton (D:4)
  2 worms
  4 dart slugs
  15 orcs
  6 endoplasms
  2 giant cockroaches
  6 hobgoblins
  2 jackals (D:1)
  5 quokkas
  13 ball pythons
  3 bats
  3 frilled lizards
  13 goblins
  11 kobolds
  3 rats (D:1)
153 creatures vanquished.

Vanquished Creatures (collateral kills)
  A water moccasin (D:9)
  2 orc warriors
  A sky beast (D:4)
  A hornet zombie (D:5)
  An ice beast (D:6)
  A phantom (D:6)
  A gnoll sergeant (D:6)
  A killer bee (D:7)
  A centaur zombie (D:6)
  A centaur skeleton (D:5)
  A gnoll shaman (D:9)
  An iguana (D:6)
  3 orc wizards (D:4)
  A howler monkey zombie (D:6)
  2 gnolls
  3 orcs
  A hobgoblin (Bailey)
  2 kobolds (D:7)
25 creatures vanquished.

Vanquished Creatures (others)
  5 hexers
5 creatures vanquished.

Grand Total: 183 creatures vanquished

Notes
Turn   | Place    | Note
-------+----------+-------------------------------------------
     0 | D:1      | jjjjhere the Vine Stalker Fighter began the quest for the
                  | Orb.
     0 | D:1      | Reached XP level 1. HP: 11/11 MP: 2/2
    36 | D:1      | Reached skill level 2 in Polearms
   243 | D:1      | Reached XP level 2. HP: 16/16 MP: 3/3
   653 | D:1      | Reached XP level 3. HP: 20/20 MP: 4/4
  1048 | D:2      | Noticed Jessica
  1057 | D:2      | Killed Jessica
  1058 | D:2      | Reached skill level 3 in Polearms
  1058 | D:2      | Gained mutation: Your natural rate of healing is unusually
                  | fast. [Vine Stalker growth]
  1058 | D:2      | Reached XP level 4. HP: 21/24 MP: 5/5
  1069 | D:2      | Found a faded altar of an unknown god.
  1108 | D:2      | Prayed at the altar of an unknown god.
  1108 | D:2      | Became a worshipper of Hepliaklqana the Forgotten
  1108 | D:2      | Reached * piety under Hepliaklqana
  1242 | D:2      | Reached skill level 4 in Polearms
  1315 | D:2      | Reached XP level 5. HP: 25/25 MP: 6/6
  1503 | D:3      | Noticed an ogre
  1514 | D:2      | HP: 2/25 [ogre/+0 giant club (18)]
  1815 | D:3      | Noticed a centaur
  1827 | D:3      | HP: 8/25 [centaur (2)]
  1830 | D:3      | Killed a centaur
  1831 | D:3      | Reached skill level 5 in Polearms
  1831 | D:3      | Reached XP level 6. HP: 9/28 MP: 7/7
  2084 | D:3      | Reached ** piety under Hepliaklqana
  2085 | D:3      | Remembered your ancestor Eadwine as a hexer
  2300 | D:4      | Noticed Menkaure
  2482 | D:4      | Reached skill level 6 in Polearms
  2490 | D:4      | Reached XP level 7. HP: 33/33 MP: 8/8
  2638 | D:4      | Reached skill level 7 in Polearms
  2777 | D:4      | Killed Menkaure
  2903 | D:4      | Found a radiant altar of Vehumet.
  3103 | D:5      | Entered Level 5 of the Dungeon
  3103 | D:5      | Reached *** piety under Hepliaklqana
  3109 | D:5      | Gained mutation: You have razor-sharp teeth. [Vine Stalker
                  | growth]
  3109 | D:5      | Reached XP level 8. HP: 37/37 MP: 9/9
  3143 | D:5      | Reached skill level 8 in Polearms
  3208 | D:5      | Found a burning altar of Makhleb.
  3272 | D:5      | Found a staircase to the Ecumenical Temple.
  3468 | D:6      | Found a snail-covered altar of Cheibriados.
  3562 | D:6      | Noticed Maggie
  3583 | D:6      | Killed Maggie
  3584 | D:6      | Reached skill level 9 in Polearms
  3584 | D:6      | Reached XP level 9. HP: 39/40 MP: 10/10
  3696 | D:6      | Reached skill level 5 in Armour
  3753 | D:6      | Reached **** piety under Hepliaklqana
  3754 | D:6      | Found an opulent altar of Gozag.
  3823 | D:6      | Found a stormy altar of Qazlal.
  4048 | D:7      | Noticed Prince Ribbit
  4052 | D:7      | Reached skill level 10 in Polearms
  4062 | D:7      | Killed Prince Ribbit
  4092 | D:7      | Found a basalt altar of Yredelemnul.
  4129 | D:7      | Found a sparkling altar of Nemelex Xobeh.
  4132 | D:7      | Found a glowing silver altar of Zin.
  4255 | D:7      | Found Niripnuf's Antique Weapon Boutique.
  4480 | D:7      | Reached XP level 10. HP: 45/45 MP: 11/11
  4706 | D:8      | Noticed a two-headed ogre
  4713 | D:8      | Killed a two-headed ogre
  4714 | D:8      | Reached skill level 11 in Polearms
  4873 | D:8      | Noticed a deep elf pyromancer
  4873 | D:8      | Noticed a centaur warrior
  4873 | D:8      | Noticed a red ugly thing
  4874 | D:8      | Found a runed translucent door.
  4876 | D:8      | Noticed a death knight
  4876 | D:8      | Noticed a four-headed hydra
  4876 | D:8      | Noticed an ogre mage
  4935 | D:8      | Reached ***** piety under Hepliaklqana
  5493 | D:9      | Found Seotenesh's Serpentskin Sales.
  5500 | D:9      | Reached skill level 1 in Invocations
  5526 | D:9      | Reached skill level 5 in Shields
  5543 | D:9      | Found a flagged portal.
  5550 | Bailey   | Entered a bailey
  5555 | Bailey   | Noticed an orc warlord
  5669 | Bailey   | Found a runed translucent gate.
  5672 | Bailey   | Found a runed translucent gate.
  5673 | Bailey   | Found a runed translucent gate.
  5859 | Bailey   | HP: 4/45 [orc warlord/+0 war axe (27)]
  5864 | Bailey   | Mangled by an orc warlord

Illustrated notes

Levels and vault maps discovered:
D:1:      saegor_arrival_simple_a, layout_loops_ring, minmay_heptomino_l4
D:2:      layout_basic, nicolae_ecumenical_snake_handling, uniq_jessica
D:3:      layout_loops_cross, wad_floor_pattern_untrapped
D:4:      layout_loops_corners, vehumet_altar_wand_db, uniq_menkaure
D:5:      layout_gridville, lemuel_tele_altar, minmay_temple_entry_slanted
D:6:      layout_cave_pools, kennysheep_mini_moat, nicolae_gozag_seed_capital,
          kennysheep_slug_shrine, uniq_maggie
D:7:      layout_rooms, grunt_temple_overflow_open, serial_shops, shop,
          uniq_prince_ribbit1
D:8:      minmay_gate_of_8, layout_loops_corners
D:9:      layout_loops_cross, nicolae_ru_sacrificial_ziggurat, orc_0_dummy,
          enter_bailey_3, guppyfry_shop_venom, uniq_joseph
Bailey:   bailey_axe_bossmonster_kennysheep, bailey

Skill      XL: |  1  2  3  4  5  6  7  8  9 10 |
---------------+-------------------------------+-----
Polearms       | 2 3 4 5 6 7 9 10 11 | 11.2
Fighting       | 3 4 |  4.2
Armour         | 4 5 |  5.8
Shields        | 3 5 |  5.2
Invocations    | 2 |  2.1

Action                   |  1- 3 |  4- 6 |  7- 9 | 10-12 || total
-------------------------+-------+-------+-------+-------++-------
Melee: Trident           |    65 |   116 |   202 |   116 ||   499
       Bite              |    10 |    25 |    44 |    35 ||   114
Invok: Recall Ancestor   |       |     3 |       |       ||     3
       Ancestor Life: He |       |     1 |       |       ||     1
       Idealise          |       |       |       |     1 ||     1
  Use: Scroll            |       |     5 |       |     8 ||    13
 Stab: Confused          |       |     2 |     7 |     1 ||    10
       Distracted        |       |       |     1 |     2 ||     3
Armor: Scale mail        |    17 |    30 |    50 |    12 ||   109
Dodge: Dodged            |    21 |    40 |    37 |     8 ||   106
Block: Buckler           |    10 |    18 |    17 |       ||    45
       Kite shield       |       |       |    26 |    29 ||    55
